 Dungeon Crawl Stone Soup version 0.16-a0-2989-gec99a28 (console) character file.

169 nht the Chopper (level 5, -2/46 HPs)
             Began as a Minotaur Berserker on Dec 6, 2014.
             Was a Priest of Trog.
             Killed from afar by a white imp (9 damage)
             ... with a puff of frost
             ... summoned by Natasha
             ... on level 3 of the Dungeon.
             The game lasted 00:02:46 (1941 turns).

nht the Chopper (Minotaur Berserker)                Turns: 1941, Time: 00:02:46

Health: -2/46      AC:  7    Str: 28    XL:     5   Next: 25%
Magic:  2/2        EV:  9    Int:  4    God:    Trog [***...]
Gold:   185        SH:  0    Dex:  9    Spells: 0 memorised, 4 levels left

rFire  . . .     SeeInvis .     a - +0 hand axe
rCold  . . .     Clarity  .     g - +1 scale mail {MR+}
rNeg   . . .     SustAb   .     (no shield)
rPois  .         Gourm    .     (helmet restricted)
rElec  .         Spirit   .     (no cloak)
rCorr  .         Warding  .     (no gloves)
rMut   .         Stasis   .     (no boots)
MR     +....                    (no amulet)
Stlth  ..........               (no ring)
                                (no ring)

@: mighty, exhausted, slowed, very slow, somewhat resistant to hostile
enchantments, extremely unstealthy
A: retaliatory headbutt, horns 2
a: Burn Spellbooks, Berserk, Trog's Hand, Renounce Religion


You were on level 3 of the Dungeon.
You worshipped Trog.
Trog was most pleased with you.
You were very hungry.

You visited 1 branch of the dungeon, and saw 3 of its levels.

You collected 185 gold pieces.

Inventory:

Hand weapons
 a - a +0 hand axe (weapon)
Armour
 g - a +1 scale mail of magic resistance (worn)
Jewellery
 j - an uncursed ring of sustain abilities {unknown}
Magical devices
 h - a wand of fireball (6)
Scrolls
 d - 2 scrolls of identify {unknown}
 e - 2 scrolls of blinking {unknown}
 i - 2 scrolls of remove curse {unknown}
 k - a scroll of noise {unknown}
 m - 2 scrolls of teleportation {unknown}
 n - a scroll of fog {unknown}
Potions
 l - 2 potions of might
Comestibles
 b - a beef jerky
 c - 2 bread rations
 f - a royal jelly


   Skills:
 - Level 3.9 Fighting
 + Level 6.6 Axes
 - Level 3.2 Armour
 - Level 2.4 Dodging


You had 4 spell levels left.
You didn't know any spells.

Dungeon Overview and Level Annotations

Branches:
Dungeon (3/15)

Altars:
Beogh

Annotations:
D:3 Grinder, Natasha


Innate Abilities, Weirdness & Mutations

You reflexively headbutt those who attack you in melee.
You have a pair of horns on your head.


Message History

Natasha stares at you and mumbles some strange words.
The ball explodes into a vile cloud!
The stinking cloud engulfs Grinder.
The stinking cloud engulfs you!
You slash Grinder!
Grinder is severely wounded.
You feel less confused. Grinder closely misses you.
You closely miss Grinder.
Grinder is severely wounded.
Grinder barely misses you.
Natasha is engulfed in noxious fumes.
Natasha appears confused.
Grinder hits you.
* * * LOW HITPOINT WARNING * * *
You writhe in agony.
* * * LOW HITPOINT WARNING * * *
You hit Grinder but do no damage.
Grinder is severely wounded.
You closely miss the white imp. Grinder barely misses you.
The white imp gestures at you. The puff of frost hits you!
You die... █...██...<.... ██...██........ ██████

█.............. ███[...█
█....>......... ██......█
█.............█ ██.......█
██............█ .........█
█.............█ .........█
█.█....██......
..........█████.█....█████...
...........5§██.█............
......██....5@.....██.........
.........h..g§...█.██......█..
..███........█...█.██)÷....█..
.........)..███+█.........███
.....<█.....█.....██....>.███
............█.....██.........
......(................█....
......█...............█....
.....................>.█....
...........██.....█..).......
..............█..............


You could see Grinder, Natasha (confused), a white imp and a goblin.

Vanquished Creatures
  The ghost of Ratboiler the Cudgeler, a weakling OgWn of Okawaru (D:3)
  Terence (D:3)
  3 adders (D:3)
  A worm (D:2)
  A giant gecko (D:2)
  An ooze (D:2)
  9 orcs (D:3)
  2 bats (D:1)
  4 giant cockroaches
  10 goblins
  5 hobgoblins
  3 quokkas (D:2)
  5 giant newts
  3 jackals (D:1)
  6 kobolds
  12 rats
67 creatures vanquished.

Notes
Turn   | Place    | Note
--------------------------------------------------------------
     0 | D:1      | nht, the Minotaur Berserker, began the quest for the Orb.
     0 | D:1      | Reached XP level 1. HP: 19/19 MP: 1/1
   105 | D:1      | Reached XP level 2. HP: 18/27 MP: 1/1
   131 | D:1      | Reached skill level 4 in Axes
   545 | D:1      | Acquired Trog's second power
   698 | D:1      | Found a roughly hewn altar of Beogh.
   698 | D:1      | Noticed an orc warrior
   876 | D:2      | Reached XP level 3. HP: 29/33 MP: 2/2
  1401 | D:3      | Noticed Ratboiler's ghost (weakling OgWn)
  1648 | D:3      | Killed Ratboiler's ghost
  1648 | D:3      | Reached skill level 5 in Axes
  1648 | D:3      | Reached XP level 4. HP: 40/40 MP: 2/2
  1708 | D:3      | Noticed Terence
  1716 | D:3      | Killed Terence
  1716 | D:3      | Reached skill level 6 in Axes
  1825 | D:3      | Reached XP level 5. HP: 44/46 MP: 2/2
  1922 | D:3      | Noticed Grinder
  1923 | D:3      | Noticed Natasha
  1924 | D:3      | Paralysed by Grinder for 2 turns
  1941 | D:3      | Killed from afar by a white imp

Action                   |  1- 3 |  4- 6 || total
-------------------------+-------+-------++-------
Melee: Hand axe          |    77 |    41 ||   118
Invok: Berserk           |     4 |     2 ||     6
  Use: Potion            |     1 |     1 ||     2
 Stab: Sleeping          |     1 |       ||     1
  Eat: Chunk             |     3 |     2 ||     5
       Fruit             |     2 |       ||     2
       Pizza             |       |     1 ||     1
